 Dungeon Crawl Stone Soup version 0.18.1-48-g4cf74bf (console) character file.

1318 Kloppie the Covered (level 8, -1/52 HPs)
             Began as a Gargoyle Fighter on June 26, 2016.
             Was an Initiate of Makhleb.
             Slain by an orc warrior
             ... wielding a +0 morningstar
              (2 damage)
             ... on level 6 of the Dungeon.
             The game lasted 00:06:57 (4010 turns).

Kloppie the Covered (Gargoyle Fighter)              Turns: 4010, Time: 00:06:58

Health: -1/52      AC: 19    Str: 25    XL:     8   Next: 59%
Magic:  8/8        EV:  6    Int:  9    God:    Makhleb [......]
Gold:   216        SH: 11    Dex: 11    Spells: 0 memorised, 7 levels left

rFire  + . .     SeeInvis .     a - +0 flail
rCold  . . .     Gourm    .     A - +0 chain mail {rF+}
rNeg   + . .     Faith    .     c - +0 shield
rPois  ∞         Spirit   .     y - +0 helmet
rElec  +         Dismiss  .     s - +1 cloak {rPois}
rCorr  .         Reflect  .     (no gloves)
SustAt .         Harm     .     (no boots)
MR     .....                    (no amulet)
Stlth  ..........               (no ring)
                                (no ring)

@: mighty, not resistant to hostile enchantments, extremely unstealthy
A: negative energy resistance 1, electricity resistance, unbreathing,
petrification resistance, rot immunity, AC +5
a: Renounce Religion


You were on level 6 of the Dungeon.
You worshipped Makhleb.
Makhleb was noncommittal.
You were not hungry.

You visited 2 branches of the dungeon, and saw 7 of its levels.

You collected 216 gold pieces.

Inventory:

Hand Weapons
 a - a +0 flail (weapon)
Armour
 c - a +0 shield (worn)
 s - a +1 cloak of poison resistance (worn)
 y - a +0 helmet (worn)
 A - a +0 chain mail of fire resistance (worn)
Jewellery
 b - an uncursed amulet of magic regeneration {unknown}
Wands
 D - a wand of iceblast (10/15)
Scrolls
 d - 2 scrolls of fear {unknown}
 e - 7 scrolls of identify {unknown}
 g - a scroll of fog {unknown}
 o - a scroll of enchant weapon {unknown}
 p - a scroll of remove curse {unknown}
 q - a scroll of teleportation {unknown}
 u - 2 scrolls of recharging {unknown}
 v - a scroll of enchant armour {unknown}
 B - 2 scrolls of random uselessness {unknown}
 F - a scroll of noise {unknown}
Potions
 i - 2 potions of berserk rage {unknown}
 l - 2 potions of cure mutation {unknown}
 m - 2 potions of cancellation {unknown}
 n - 2 potions of degeneration {unknown}
 r - 2 potions of curing {unknown}
 t - 2 potions of might
 w - a potion of heal wounds {unknown}
 x - a potion of flight {unknown}
 z - 2 potions of magic {unknown}
 E - a potion of beneficial mutation {unknown}
Comestibles
 f - 3 bread rations
 h - 2 royal jellies
 j - 2 slices of pizza
 k - 2 meat rations
 C - 2 chunks of flesh


   Skills:
 + Level 6.3 Fighting
 + Level 5.5 Maces & Flails
 + Level 6.5 Armour
 + Level 6.4 Shields


You had 7 spell levels left.
You didn't know any spells.

Dungeon Overview and Level Annotations

Branches:
Dungeon (6/15)             Temple (1/1) D:5

Altars:
Ashenzari
Elyvilon
Gozag
Kikubaaqudgha
Makhleb
Okawaru
Pakellas
Qazlal
Ru
Sif Muna
Trog
Vehumet
Xom
Yredelemnul
Zin


Innate Abilities, Weirdness & Mutations

You are resistant to torment.
Your stone body is resilient (AC +5).
You are immune to poison.
You resist negative energy.
You are resistant to electric shocks.
You can survive without breathing.
You are immune to petrification.
You are immune to rotting.


Message History

You are too injured to fight recklessly!
Drink which item? (? for menu, Esc to quit)
You feel very mighty all of a sudden. The orc warrior barely misses you.
A jackal comes into view.
Your shield and chain mail prevent you from hitting the orc warrior.
The orc warrior is heavily wounded.
The jackal moves out of view.
The howler monkey hoots and howls with incredible vigour!
The orc warrior hits you with a morningstar!
* * * LOW HITPOINT WARNING * * *
You hear a bark!
You hear a shout! x4
You closely miss the orc warrior.
The orc warrior is heavily wounded.
The orc warrior hits you with a morningstar!
* * * LOW HITPOINT WARNING * * *
You completely miss the orc warrior.
The orc warrior is heavily wounded.
The orc warrior hits you with a morningstar.
You die...

#... #...### #.....
+....# #....# ...
####....# ...
#.......# ...
#.#....o####### .o.#
#.....ooho@...#
.o..#####.#'#######.#
o...#..o..#.# #.###
....#.o...#.# #...#
...ooo........
###.####
...###..h..##.#
#....# .. #.....#
####.# $ #.......
####.# #....####
#....#


You could see an orc warrior, a howler monkey and 3 orcs.

Vanquished Creatures
  Grinder (D:3)
  The ghost of loom the Firebug, an amateur DEFE (D:3)
  A sky beast (D:5)
  2 phantoms (D:4)
  An ogre (D:5)
  2 centaurs (D:5)
  A scorpion (D:5)
  A jelly (D:5)
  A centaur skeleton (D:4)
  3 orc wizards
  A giant frog skeleton (D:4)
  An iguana (D:4)
  2 worker ants
  6 adders
  An ooze (D:4)
  3 worms
  A dart slug (D:3)
  7 giant geckos
  23 orcs
  6 giant cockroaches
  4 goblins
  8 hobgoblins
  13 jackals
  2 quokkas
  2 ball pythons
  7 bats
  A giant gecko skeleton (D:5)
  7 giant newts
  11 kobolds
  A quokka skeleton (D:4)
  A quokka zombie (D:5)
  7 rats
129 creatures vanquished.

Notes
Turn   | Place    | Note
--------------------------------------------------------------
     0 | D:1      | Kloppie the Gargoyle Fighter began the quest for the Orb.
     0 | D:1      | Reached XP level 1. HP: 14/14 MP: 1/1
   134 | D:1      | Reached XP level 2. HP: 18/19 MP: 2/2
   538 | D:1      | Reached XP level 3. HP: 22/24 MP: 3/3
  1045 | D:2      | Reached XP level 4. HP: 29/29 MP: 4/4
  1243 | D:3      | Noticed Grinder
  1250 | D:3      | Paralysed by Grinder for 6 turns
  1260 | D:3      | Killed Grinder
  1260 | D:3      | Reached XP level 5. HP: 16/34 MP: 5/5
  1260 | D:3      | Reached XP level 6. HP: 18/39 MP: 6/6
  1537 | D:3      | Found an opulent altar of Gozag.
  1741 | D:3      | Noticed loom's ghost (amateur DEFE)
  1762 | D:3      | Killed loom's ghost
  1845 | D:3      | Found a glowing silver altar of Zin.
  1873 | D:3      | Reached skill level 5 in Fighting
  1873 | D:3      | Reached skill level 5 in Armour
  1873 | D:3      | Reached skill level 5 in Shields
  1873 | D:3      | Reached XP level 7. HP: 34/44 MP: 7/7
  3157 | D:5      | Entered Level 5 of the Dungeon
  3199 | D:5      | Reached skill level 5 in Maces & Flails
  3199 | D:5      | Reached XP level 8. HP: 39/51 MP: 8/8
  3385 | D:5      | Found a staircase to the Ecumenical Temple.
  3391 | Temple   | Entered the Ecumenical Temple
  3484 | Temple   | Became a worshipper of Makhleb the Destroyer
  3891 | D:5      | Found a deep blue altar of Sif Muna.
  4009 | D:6      | HP: 1/52 [orc warrior/morningstar (13)]
  4010 | D:6      | Slain by an orc warrior

Skill      XL: |  1  2  3  4  5  6  7  8 |
---------------+-------------------------+-----
Fighting       | 4 5 6 |  6.3
Maces & Flails | 3 4 5 |  5.5
Armour         | 4 5 6 |  6.5
Shields        | 4 5 6 |  6.4

Action                   |  1- 3 |  4- 6 |  7- 9 || total
-------------------------+-------+-------+-------++-------
Melee: Flail             |   145 |   105 |   324 ||   574
  Use: Potion            |       |     1 |     1 ||     2
  Eat: Chunk             |       |     4 |     7 ||    11
Armor: Scale mail        |    79 |    98 |   103 ||   280
       Chain mail        |       |       |    64 ||    64
Dodge: Dodged            |    49 |    46 |    83 ||   178
Block: Shield            |    71 |    69 |   172 ||   312
